 Dungeon Crawl Stone Soup version 0.31-a0-879-g1609e0ac53 (webtiles) character file.

Game seed: 11371623261370711837

3 Kurtz the Sneak (level 1, -4/21 HPs)
             Began as a Naga Delver on Oct 14, 2023.
             Killed from afar by a white imp (8 damage)
             ... with a puff of frost
             ... on level 5 of the Dungeon.
             The game lasted 00:00:35 (448 turns).

Kurtz the Sneak (Naga Delver)                        Turns: 448, Time: 00:00:36

Health: -4/21      AC:  1    Str: 14    XL:     1   Next: 50%
Magic:  1/1        EV:  9    Int: 10    God:
Gold:   23         SH:  0    Dex: 12    Spells: 0/0 levels left

rFire   . . .        a - +0 hand axe
rCold   . . .        (no shield)
rNeg    . . .        b - +0 leather armour
rPois   +            (no helmet)
rElec   .            (no cloak)
rCorr   .            (no gloves)
SInv    +            (no barding)
Will    .....        (no amulet)
Stlth   +++          (no ring)
HPRegen 0.23/turn    (no ring)
MPRegen 0.07/turn

%: no passive effects
@: short of breath, very slow
A: AC +0, large, see invisible, deformed body, poison resistance, slowness 2,
spit poison 1, naga tail 1
a: Spit Poison


You were on level 5 of the Dungeon.
You visited 1 branch of the dungeon, and saw 2 of its levels.

You collected 23 gold pieces.

Inventory:

Hand Weapons
 a - a +0 hand axe (weapon)
Armour
 b - a +0 leather armour (worn)
Wands
 g - a wand of digging (3)
Scrolls
 c - a scroll of fog
 d - a scroll of revelation
 e - a scroll of fear
Potions
 f - a potion of haste
 h - a potion of degeneration {unknown}


   Skills:
 - Level 3.0 Fighting
 * Level 2.3 Axes
 - Level 1.5 Dodging
 - Level 7.2 Stealth


You couldn't memorise any spells.
You didn't know any spells.
Your spell library was empty.

Dungeon Overview and Level Annotations

Branches:
Dungeon (5/15)
 Temple: D:4-7

Altars:
Nemelex Xobeh

Annotations:
D:4 Blork the orc


Innate Abilities, Weirdness & Mutations

Your serpentine skin is tough. (AC +0)
You have supernaturally acute eyesight. (SInv)
Armour fits poorly on your strangely shaped body.
Your system is resistant to poisons. (rPois)
You cover ground very slowly.
You can spit poison.
You have a snake-like lower body.


Message History

You now have 23 gold pieces (gained 14).
An adder comes into view.
Found 4 stones.
Found a stone staircase leading down.
You open the door.
Found a sparkling altar of Nemelex Xobeh.
There is an open door here.
You open the door.
There is an open door here.
Found a robe.
You see here a +0 robe.
Found a stone staircase leading up.
The white imp shouts, "Out, out, thou mewling tip-merry tiddler!"
The white imp gestures at you. The puff of frost hits you.
There is a stone staircase leading up here.
The white imp gestures at you. The puff of frost hits you.
You climb upwards.
Level annotation: Blork the orc The gnoll shouts!
The gnoll bouda shouts!
The gnoll shouts! x2
You hear a shout! x2
Found 8 gold pieces.
There is a stone staircase leading down here.
The hobgoblin shouts!
The gnoll shouts!
You hear a shout! x2
The gnoll bouda barks out a call to the hunt!
The gnolls pick up the pace!
You climb downwards.
There is a stone staircase leading up here.
Aiming: Spit Poison (3% risk of failure)
Press: ? - help, Shift-Dir - straight line, f - white imp
Aim: a white imp (53% to hit)
The splash of poison hits the white imp but does no damage.
The white imp gestures at you. The puff of frost hits you!
Ouch! That really hurt!
* * * LOW HITPOINT WARNING * * *
The white imp gestures at you. The puff of frost hits you!
You die...

#.#..###.#####.#.#
#....# .#####.#.#
#.....###.#..[..#.#
#.###.....#.#####.#
#. ###.#.#.# .# #.
#.#.#.#### #.
#.#.#....# #.
#.#5####.##.#
#.#####.@.........#
#......<...###.####
#########..# #.#
#..# ... #..# ....
#... .....
##.#.......
###.....### ##


You could see a white imp.

Vanquished Creatures
  A worm (D:5)
1 creature vanquished.

Notes
Turn   | Place    | Note
-------+----------+-------------------------------------------
     0 | D:5      | Kurtz the Naga Delver began the quest for the Orb.
     0 | D:5      | Reached XP level 1. HP: 21/21 MP: 1/1
   118 | D:4      | Noticed Blork the orc
   133 | D:5      | HP: 1/21 [worm (8)]
   407 | D:5      | Found a sparkling altar of Nemelex Xobeh.
   444 | D:4      | Noticed a gnoll bouda
   444 | D:4      | Noticed a phantom
   448 | D:5      | Killed from afar by a white imp

Illustrated notes

Levels and vault maps discovered:
D:4:      layout_rooms, gammafunk_ghost_necromancy,
          chequers_serial_rivers_micro_d, uniq_duvessa, uniq_natasha,
          uniq_pikel, uniq_blork_the_orc
D:5:      layout_loops_ring, nemelex_diamond_rough_becter, tso_oasis_becter,
          minmay_temple_entry_purple_smoke, serial_shops, shop,
          dreamdust_mushroom_princess

Action                     || total
---------------------------++-------
  Melee: Hand axe          ||    11
         Punch             ||     1
Ability: Spit Poison       ||     3
 Armour: Leather armour    ||     9
  Dodge: Dodged            ||     5

Table legend: (Time is in decaauts)
 A = Elapsed time spent in this place.
 B = Non-inter-level travel time spent in this place.
 C = Inter-level travel time spent in this place.
 D = Time resting spent in this place.
 E = Time spent auto-exploring this place.
 F = Levels seen in this place.
 G = Mean time per level.
                   A        B        C        D        E       F      G
               +--------+--------+--------+--------+--------+-----+--------+
         Total |    547 |    529 |     18 |    179 |    220 |   2 |  273.5 |
       Dungeon |    547 |    529 |     18 |    179 |    220 |   2 |  273.5 |
               +--------+--------+--------+--------+--------+-----+--------+

Top non-repeatable levels by time:
     D:5: 535 daAuts
     D:4: 12 daAuts
